 Dungeon Crawl Stone Soup version 0.31.0-12-g77e489cdc1 (webtiles) character file.

Game seed: 7147940416423095534

291 killngun the Magician (level 6, -6/46 HPs)
             Began as a Djinni Fire Elementalist on Mar 4, 2024.
             Engulfed by a cloud of flame (10 damage)
             ... in an ossuary.
             The game lasted 00:25:00 (2607 turns).

killngun the Magician (Djinni Fire Elementalist)    Turns: 2607, Time: 00:25:01

Health: -6/46      AC:  2    Str:  7    XL:     6   Next: 59%
Gold:   150        EV: 12    Int: 19    God:
                   SH:  0    Dex: 13

rFire   + + .        (no weapon)
rCold   x . .        (no shield)
rNeg    . . .        a - +0 robe
rPois   ∞            (no helmet)
rElec   .            (no cloak)
rCorr   .            (no gloves)
SInv    .            (boots unavailable)
Will    .....        (no amulet)
Stlth   ++           (no ring)
HPRegen 0.27/turn    (no ring)
MPRegen 0.00/turn

%: infuse magic (-7 HP)
@: flying
A: sickness immunity, fire resistance 2, cold vulnerability 1, float, innate
caster, HP casting, extra vitality 1
a: no special abilities


You were in an ossuary.
You visited 1 branch of the dungeon, and saw 4 of its levels.
You also visited: Ossuary.

You collected 150 gold pieces.

Inventory:

Missiles
 m - a throwing net
Armour
 a - a +0 robe (worn)
Jewellery
 d - a ring of fire
 j - a ring of willpower
Scrolls
 b - 3 scrolls of teleportation {unknown}
 c - a scroll of vulnerability {unknown}
 e - 3 scrolls of amnesia {unknown}
 f - a scroll of fog {unknown}
 k - 4 scrolls of identify
Potions
 g - a potion of lignification {unknown}
 h - 2 potions of degeneration {unknown}
 i - 3 potions of might
 l - a potion of heal wounds {unknown}
 n - a potion of brilliance {unknown}
 o - a potion of curing {unknown}


   Skills:
 + Level 3.1 Fighting
 - Level 2.1 Dodging
 - Level 1.5 Stealth
 * Level 5.0 Spellcasting
 * Level 5.0 Conjurations
 * Level 5.0 Hexes
   Level 0.0 Charms
 * Level 5.0 Summonings
 * Level 5.0 Necromancy
 * Level 5.0 Translocations
   Level 0.0 Transmutations
 * Level 5.0 Fire Magic
 * Level 5.0 Ice Magic
 * Level 5.0 Air Magic
 * Level 5.0 Earth Magic
 * Level 5.0 Alchemy


You knew the following spells:

 Your Spells              Type           Power      Damage    Failure   Level
a - Foxfire               Conj/Fire      96%        2x1d8     1%          1
b - Scorch                Fire           48%        2d7       2%          2
c - Shock                 Conj/Air       96%        1d9       1%          1
d - Flame Wave            Conj/Fire      24%        2d8       16%         4
e - Inner Flame           Hex/Fire       24%        N/A       4%          3
f - Volatile Blastmotes   Fire/Tloc      48%        2d14      4%          3
g - Call Imp              Summ           48%        N/A       2%          2
Your spell library was empty.

Dungeon Overview and Level Annotations

Branches:
Dungeon (4/15)            Ossuary (1/1)
 Temple: D:4-7

Altars:
Uskayaw
Xom

Annotations:
D:3 Edmund


Innate Abilities, Weirdness & Mutations

You are immune to sickness and miasma.
You are immune to poison.
Your flesh is very heat resistant. (rF++)
You are vulnerable to cold. (rC-)
You float through the air rather than walking.
You learn spells naturally, not from books.
Your magical power is your life essence.
You have superior vitality. (+4 MHP)


Message History

The crocodile zombie is almost destroyed.
The flame wave engulfs the mummy!
The mummy is burned terribly!
You finish channelling waves of flame.
The mummy explodes!
The fiery explosion engulfs the crocodile zombie!!
You destroy the crocodile zombie!
The fiery explosion engulfs the crocodile zombie!!!!
The crocodile zombie is burned terribly!
The crocodile zombie explodes!
The fiery explosion engulfs you! You resist.
You are engulfed in blazing flames.
You resist. The centaur zombie hits you. The centaur zombie closely misses you.
The centaur zombie hits you.
The centaur zombie kicks you but does no damage.
Your Spellcasting skill increases to level 5!
Your Conjurations skill increases to level 5!
Your Hexes skill increases to level 5!
Your Summonings skill increases to level 5!
Your Necromancy skill increases to level 5!
Your Translocations skill increases to level 5!
Your Fire Magic skill increases to level 5!
Your Ice Magic skill increases to level 5!
Your Air Magic skill increases to level 5!
Your Earth Magic skill increases to level 5!
Your Alchemy skill increases to level 5!
Casting: Flame Wave (quite dangerous; 16% risk of failure)
Confirm with . or Enter, or press ? or * to list all spells.
Aiming: Shock (safe; 1% risk of failure)
Press: ? - help, Shift-Dir - straight line, f - centaur zombie
Aim: a centaur zombie (100% to hit)
The zap hits the centaur zombie!
The centaur zombie is almost destroyed.
The zap hits the centaur zombie.
The centaur zombie is lightly damaged.
You are engulfed in blazing flames.
You resist.
* * * LOW HITPOINT WARNING * * *
The centaur zombie hits you.
* * * LOW HITPOINT WARNING * * *
The centaur zombie kicks you but does no damage.
You are engulfed in blazing flames.
You resist.
You die...

#####
##...##
#.....#
#.§§§.#
#.§.§§#
#.§@.§#
#..§§§#
#..Z..#
#.....#
#..∩..#
#..Z..#
#.....#
#.....#
.......


You could see 2 centaur zombies.

Vanquished Creatures
  A scorpion (D:3)
  A hound (D:4)
  A jelly (D:4)
  A sleepcap (D:3)
  2 crocodile zombies (Ossuary)
  A mummy (Ossuary)
  3 adders
  A dart slug (D:2)
  4 ribbon worms
  An orc (D:4)
  5 ball pythons
  2 bats (D:3)
  3 endoplasms
  2 goblins (D:1)
  5 hobgoblins
  7 kobolds
  2 quokkas
  4 frilled lizards
  A kobold zombie (D:4)
  2 rats
49 creatures vanquished.

Vanquished Creatures (collateral kills)
  An adder (D:4)
  A dart slug (D:3)
  An orc (D:3)
  A goblin (D:4)
  A kobold zombie (D:4)
5 creatures vanquished.

Vanquished Creatures (others)
  86 foxfires
86 creatures vanquished.

Grand Total: 140 creatures vanquished

Notes
Turn   | Place    | Note
-------+----------+-------------------------------------------
     0 | D:1      | killngun the Djinni Fire Elementalist began the quest for
                  | the Orb.
     0 | D:1      | killngun set off with the following spells memorised:
                  | Foxfire, Scorch, Volatile Blastmotes, Inner Flame, Flame
                  | Wave.
     0 | D:1      | Reached XP level 1. HP: 15/15 MP: 0/0
   419 | D:1      | Reached XP level 2. HP: 11/22 MP: 0/0
   756 | D:1      | Found a faded altar of an unknown god.
   925 | D:2      | Found a shimmering altar of Xom.
   941 | D:2      | Reached skill level 1 in Fighting
  1059 | D:2      | Reached XP level 3. HP: 24/27 MP: 0/0
  1059 | D:2      | Learned a level 1 spell: Shock
  1790 | D:3      | Noticed a scorpion
  1791 | D:3      | Reached XP level 4. HP: 27/32 MP: 0/0
  1797 | D:3      | Killed a scorpion
  1798 | D:3      | Reached XP level 5. HP: 29/38 MP: 0/0
  1798 | D:3      | Learned a level 2 spell: Call Imp
  2085 | D:3      | Found a hide-covered altar of Uskayaw.
  2323 | D:4      | Noticed Edmund
  2497 | D:4      | Reached XP level 6. HP: 36/45 MP: 0/0
  2589 | D:4      | Found a sand-covered staircase.
  2598 | Ossuary  | Entered an ossuary
  2606 | Ossuary  | Reached skill level 5 in Spellcasting
  2606 | Ossuary  | Reached skill level 5 in Conjurations
  2606 | Ossuary  | Reached skill level 5 in Hexes
  2606 | Ossuary  | Reached skill level 5 in Summonings
  2606 | Ossuary  | Reached skill level 5 in Necromancy
  2606 | Ossuary  | Reached skill level 5 in Translocations
  2606 | Ossuary  | Reached skill level 5 in Fire Magic
  2606 | Ossuary  | Reached skill level 5 in Ice Magic
  2606 | Ossuary  | Reached skill level 5 in Air Magic
  2606 | Ossuary  | Reached skill level 5 in Earth Magic
  2606 | Ossuary  | Reached skill level 5 in Alchemy
  2607 | Ossuary  | Engulfed by a cloud of flame

Illustrated notes

Levels and vault maps discovered:
D:1:      lemuel_arrival_hallway, layout_loops_ring,
          shapermc_ecumenical_altar_mp_vishouse, chequers_avenue
D:2:      layout_rooms, basic_altar, grunt_ministairs_6
D:3:      layout_basic, nicolae_uskayaw_murder_on_the_dancefloor
D:4:      layout_basic, enter_ossuary_3, uniq_edmund
Ossuary:  ossuary_the_hunt_dpeg

Skill      XL: |  1  2  3  4  5  6 |
---------------+-------------------+-----
Fighting       | 1 2 3 |  3.1
Spellcasting   | 4 5 |  5.0
Conjurations   | 4 5 |  5.0
Hexes          | 4 5 |  5.0
Summonings     | 4 5 |  5.0
Necromancy     | 4 5 |  5.0
Translocations | 4 5 |  5.0
Fire Magic     | 4 5 |  5.0
Ice Magic      | 4 5 |  5.0
Air Magic      | 4 5 |  5.0
Earth Magic    | 4 5 |  5.0
Alchemy        | 4 5 |  5.0
Dodging        | |  2.1
Stealth        | |  1.5

Action                     |  1- 3 |  4- 6 || total
---------------------------+-------+-------++-------
  Melee: Unarmed           |       |     1 ||     1
   Cast: Foxfire           |    42 |    17 ||    59
         Scorch            |    15 |     4 ||    19
         Shock             |    21 |    25 ||    46
         Volatile Blastmot |     1 |     4 ||     5
         Call Imp          |       |    11 ||    11
         Inner Flame       |       |     3 ||     3
         Flame Wave        |       |     1 ||     1
    Use: Scroll            |       |     1 ||     1
 Armour: Robe              |     7 |    15 ||    22
  Dodge: Dodged            |     6 |     9 ||    15
